 Dungeon Crawl Stone Soup version 0.23.0 (webtiles) character file.

Game seed: 3384402429724819693

200 McIvan the Chopper (level 5, -8/48 HPs)
             Began as a Hill Orc Monk on Feb 14, 2019.
             Was a Believer of Beogh.
             Mangled by a two-headed ogre
             ... wielding a +0 giant spiked club
              (17 damage)
             ... on level 5 of the Dungeon on Feb 15, 2019.
             The game lasted 00:13:24 (3203 turns).

McIvan the Chopper (Hill Orc Monk)                  Turns: 3203, Time: 00:13:25

Health: -8/48      AC: 10    Str: 15    XL:     5   Next: 79%
Magic:  5/5        EV:  7    Int: 10    God:    Beogh [**....]
Gold:   119        SH:  0    Dex: 13    Spells: 4/4 levels left

rFire    . . .     SeeInvis .   a - +0 hand axe
rCold    . . .     Gourm    .   (no shield)
rNeg     + . .     Faith    .   g - +0 chain mail
rPois    .         Spirit   .   (no helmet)
rElec    .         Reflect  .   e - +0 cloak
rCorr    .         Harm     .   (no gloves)
MR       .....                  (no boots)
Stlth    ..........             (no amulet)
HPRegen  0.16/turn              l - ring of wizardry
MPRegen  0.09/turn              r - ring of positive energy

@: no status effects
A: no striking features
a: Smiting, Renounce Religion


You were on level 5 of the Dungeon.
You worshipped Beogh.
Beogh was pleased with you.
You were very hungry.

You visited 1 branch of the dungeon, and saw 4 of its levels.
You also visited: Sewer.

You collected 119 gold pieces.

Inventory:

Hand Weapons
 a - a +0 hand axe (weapon)
Missiles
 m - 2 javelins (quivered)
Armour
 e - a +0 cloak (worn)
 g - a +0 chain mail (worn)
Jewellery
 l - a ring of wizardry (left hand)
 r - a ring of positive energy (right hand)
Wands
 j - a wand of flame (19)
Scrolls
 f - a scroll of blinking {unknown}
 h - 2 scrolls of remove curse {unknown}
 i - 2 scrolls of teleportation {unknown}
 o - a scroll of fear {unknown}
 p - a scroll of amnesia {unknown}
 s - a scroll of magic mapping {unknown}
 t - a scroll of fog {unknown}
 v - a scroll of noise {unknown}
 w - a scroll of identify
Potions
 b - a potion of mutation
 d - 2 potions of ambrosia
 k - a potion of haste {unknown}
 n - 5 potions of heal wounds
 q - 3 potions of curing
 u - a potion of flight
Comestibles
 c - 5 rations


   Skills:
 * Level 5.2 Fighting
 * Level 5.8 Axes
 * Level 3.1 Armour
 - Level 2.4 Dodging
 - Level 1.5 Stealth


You had 4 spell levels left.
You didn't know any spells.
Your spell library was empty.

Dungeon Overview and Level Annotations

Branches:
Dungeon (3/15)

Altars:


Message History

The javelin barely misses the two-headed ogre.
Throwing (i - inventory)
m - 4 javelins (quivered)
Press: ? - help, Shift-Dir - straight line, f/p - two-headed ogre
Aim: a two-headed ogre, wielding a +0 giant spiked club and a +0 giant club (lightly wounded)
You throw a javelin.
The javelin hits the two-headed ogre but does no damage.
The two-headed ogre is lightly wounded.
You hit the two-headed ogre.
The two-headed ogre is lightly wounded.
The two-headed ogre hits you with a +0 giant spiked club!
The two-headed ogre hits you with a +0 giant club!
Throwing (i - inventory)
m - 3 javelins (quivered)
Press: ? - help, Shift-Dir - straight line, f/p - two-headed ogre
Aim: a two-headed ogre, wielding a +0 giant spiked club and a +0 giant club (lightly wounded)
You throw a javelin. The javelin hits the two-headed ogre.
The two-headed ogre is lightly wounded.
The two-headed ogre hits you with a +0 giant spiked club!
* * * LOW HITPOINT WARNING * * *
The two-headed ogre hits you with a +0 giant club!
You die...

. (. #### .(.##
###..##
.....###.....#
....(..#.....##
.o.....##.....#
...o..(O@....##
.......##..#.#
##..........##
...o....o.###
.o..#...o####
.##.#.......##
.........oo.##
..######.....##
. .##.###....#


You could see a two-headed ogre, a neutral orc priest (wandering), a neutral orc
wizard (wandering) and 2 neutral orcs.

Vanquished Creatures
  A big kobold (Sewer)
  Terence (D:2)
  2 adders
  2 river rats (Sewer)
  2 oozes
  6 worms
  A leopard gecko (D:3)
  A giant cockroach (D:2)
  4 goblins
  3 hobgoblins
  2 jackals (Sewer)
  A quokka (D:2)
  6 bats
  3 frilled lizards
  7 kobolds
  A leopard gecko zombie (D:5)
  7 rats
50 creatures vanquished.

Notes
Turn   | Place    | Note
-------+----------+-------------------------------------------
     0 | D:1      | McIvan the Hill Orc Monk began the quest for the Orb.
     0 | D:1      | Reached XP level 1. HP: 19/19 MP: 1/1
   277 | D:1      | Reached XP level 2. HP: 27/27 MP: 2/2
   447 | D:1      | Reached skill level 1 in Armour
   690 | D:2      | Reached XP level 3. HP: 33/33 MP: 3/3
  1056 | D:2      | Noticed Terence
  1091 | D:2      | Killed Terence
  1091 | D:2      | Reached skill level 5 in Axes
  1091 | D:2      | Reached XP level 4. HP: 14/41 MP: 4/4
  2380 | D:3      | Found a glowing drain.
  2551 | Sewer    | Entered a sewer
  2573 | Sewer    | Reached XP level 5. HP: 18/47 MP: 5/5
  2797 | Sewer    | Noticed a big kobold
  2819 | Sewer    | Killed a big kobold
  2819 | Sewer    | Reached skill level 5 in Fighting
  2842 | Sewer    | Found a glowing silver altar of Zin.
  3167 | D:3      | You fall through a shaft for 2 floors!
  3167 | D:5      | Entered Level 5 of the Dungeon
  3168 | D:5      | Became a worshipper of Beogh the Brigand
  3168 | D:5      | Reached * piety under Beogh
  3168 | D:5      | Reached ** piety under Beogh
  3197 | D:5      | Noticed a two-headed ogre
  3203 | D:5      | Mangled by a two-headed ogre

Skill      XL: |  1  2  3  4  5 |
---------------+----------------+-----
Fighting       | 4 5 |  5.2
Armour         | 1 2 3 |  3.1
Axes           | 5 |  5.8
Dodging        | |  2.4
Stealth        | |  1.5

Action                   |  1- 3 |  4- 6 || total
-------------------------+-------+-------++-------
Melee: Hand axe          |    98 |   123 ||   221
Throw: Javelin           |     4 |     9 ||    13
Invok: Convert to Beogh  |       |     1 ||     1
Evoke: Wand              |     5 |     1 ||     6
  Use: Scroll            |       |     5 ||     5
       Potion            |       |     1 ||     1
 Stab: Sleeping          |     2 |       ||     2
  Eat: Chunk             |       |     3 ||     3
       Ration            |       |     1 ||     1
Armor: Chain mail        |    55 |    58 ||   113
Dodge: Dodged            |    40 |    44 ||    84
